 Dungeon Crawl Stone Soup version 0.27.1-4-g1640c2035a (webtiles) character file.

Game seed: 7237888239533258750

3 ABBCCCDDDD the Sneak (level 1, 0/20 HPs)
             Began as a Hill Orc Delver on Nov 2, 2021.
             Succumbed to an adder's poison
             ... in a sewer.
             The game lasted 00:00:52 (57 turns).

ABBCCCDDDD the Sneak (Hill Orc Delver)                Turns: 57, Time: 00:00:53

Health: 0/20       AC:  8    Str: 14    XL:     1   Next: 50%
Magic:  1/1        EV:  6    Int: 10    God:
Gold:   0          SH:  0    Dex: 12    Spells: 0/0 levels left

rFire    . . .     SeeInvis .   a - +0 hand axe
rCold    . . .     Faith    .   (no shield)
rNeg     . . .     Spirit   .   h - +0 chain mail
rPois    .         Reflect  .   (no helmet)
rElec    .         Harm     .   (no cloak)
rCorr    .         Rampage  .   (no gloves)
Will     .....                  (no boots)
Stlth    ..........             (no amulet)
HPRegen  0.06/turn              (no ring)
MPRegen  0.07/turn              (no ring)

@: lethally poisoned (0 -> -2), hasted, very quick
A: no striking features
a: no special abilities


You were in a sewer.
You visited 1 branch of the dungeon, and saw 2 of its levels.
You also visited: Sewer.

Inventory:

Hand Weapons
 a - a +0 hand axe (weapon)
Armour
 b - a +0 leather armour
 h - a +0 chain mail (worn)
Wands
 g - a wand of digging (2)
Scrolls
 c - a scroll of fog


   Skills:
 + Level 3.7 Fighting
 * Level 2.9 Axes
 + Level 0.2 Armour
 - Level 1.5 Dodging
 - Level 4.1 Stealth


You couldn't memorise any spells.
You didn't know any spells.
Your spell library was empty.

Dungeon Overview and Level Annotations

Branches:
Dungeon (5/15)              Sewer (1/1)
 Temple: D:4-7

Altars:

Shops:
D:5 :


Message History

The adder is lightly wounded.
You hit the ball python.
You kill the ball python!
You barely miss the orc. The adder bites you.
You are lethally poisoned!
The adder poisons you! The orc hits you but does no damage.
You closely miss the adder.
The adder is lightly wounded.
You hit the orc.
* * * LOW HITPOINT WARNING * * *
You feel sick. The adder bites you but does no damage.
You closely miss the adder.
The adder is lightly wounded.
You hit the orc.
You kill the orc!
* * * LOW HITPOINT WARNING * * *
You feel sick. The adder bites you but does no damage.
You closely miss the adder.
The adder is lightly wounded.
Your chain mail prevents you from hitting the orc.
The adder bites you.
* * * LOW HITPOINT WARNING * * *
You aren't carrying any potions.
As you read the scroll of fear, it crumbles to dust.
You assume a fearsome visage.
The adder looks frightened!
The orc looks frightened! x2
* * * LOW HITPOINT WARNING * * *
You feel sick.
* * * LOW HITPOINT WARNING * * *
You feel sick.
There is a glowing drain here.
* * * LOW HITPOINT WARNING * * *
You feel sick.
The world spins around you as you enter the gateway.
You enter a sewer!
Found a gate leading back out of this place.
There is an empty arch of ancient stone here.
There is a lethal amount of poison in your body!
There is a lethal amount of poison in your body!
You die...

###
#.#
#∩#
#.#
#@#
#.#
#.#
#.#
.≈.
.≈≈
.≈≈
#.≈.#


There were no monsters in sight!

Levels and vault maps discovered:
D:4:      layout_basic, portal_sewer_entry_d, kennysheep_doodads
D:5:      layout_rooms, serial_shops, shop, uniq_prince_ribbit1,
          uniq_blork_the_orc, uniq_duvessa
Sewer:    sewer_frog_island_01

Notes
Turn   | Place    | Note
-------+----------+-------------------------------------------
     0 | D:5      | ABBCCCDDDD the Hill Orc Delver began the quest for the Orb.
     0 | D:5      | Reached XP level 1. HP: 19/19 MP: 1/1
    10 | D:5      | Noticed a jelly
    42 | D:4      | Found a glowing drain.
    55 | D:4      | HP: 1/20 [poisoned by an adder]
    56 | Sewer    | Entered a sewer
    57 | Sewer    | Succumbed to an adder's poison

Table legend: (Time is in decaauts)
 A = Elapsed time spent in this place.
 B = Non-inter-level travel time spent in this place.
 C = Inter-level travel time spent in this place.
 D = Time resting spent in this place.
 E = Time spent auto-exploring this place.
 F = Levels seen in this place.
 G = Mean time per level.
                   A        B        C        D        E       F      G
               +--------+--------+--------+--------+--------+-----+--------+
         Total |     54 |     54 |      0 |      0 |      0 |   3 |   18.0 |
       Dungeon |     54 |     54 |      0 |      0 |      0 |   2 |   27.0 |
         Sewer |      0 |      0 |      0 |      0 |      0 |   1 |    0.0 |
               +--------+--------+--------+--------+--------+-----+--------+

Top non-repeatable levels by time:
     D:4: 37 daAuts
     D:5: 17 daAuts
   Sewer: 0 daAuts

Table legend:
 A = Kills in this place as a percentage of kills in entire the game.
 B = Kills by you in this place as a percentage of kills by you in the entire game.
 C = Kills by friends in this place as a percentage of kills by friends in the entire game.
 D = Other kills in this place as a percentage of other kills in the entire game.
 E = Experience gained in this place as a percentage of experience gained in the entire game.
 F = Experience gained in this place divided by the number of levels of this place that you have seen.
                   A       B       C       D       E      F
               +-------+-------+-------+-------+-------+----------------------
         Total | 100.0 | 100.0 |   N/A |   N/A | 100.0 |   1.7
       Dungeon | 100.0 | 100.0 |   N/A |   N/A | 100.0 |   2.5
               +-------+-------+-------+-------+-------+----------------------

Action                   || total
-------------------------++-------
Melee: Hand axe          ||     8
Evoke: Wand              ||     1
  Use: Scroll            ||     2
       Potion            ||     1
Armor: Chain mail        ||    10
Dodge: Dodged            ||     3

Vanquished Creatures
  An orc (D:4)
  A ball python (D:4)
2 creatures vanquished.
